AoeStats
← agamemnon_of_mycenae

Migration

510180830Analyzed
1v1 RM · 2d ago on Sep 29, 2026· 55m 12s· 2 players
Game mode
Random Map
Map size
132×132
Population
200
Speed
Normal
Resources
Standard
Victory
Conquest
Starting age
Dark Age
Ending age
Imperial Age
RankedLock teamsTeams togetherTeam positionsShared explorationLock speedFull tech treeHidden civsTurbo modeCheats
Victory
Defeat
🇺🇸 Byzantines · United States
929
+15
🇳🇱 Spanish · Netherlands
907
-15
Alwino
9:56 Feudal Age
10:26 Double-Bit Axe
10:29 Town Watch
18:31 Fishing Lines
26:10 Castle Age
24:47 Gold Mining
27:01 Medium Warships
26:12 Demolition Ship
28:09 Gillnets
35:52 Imperial Age
37:33 Chemistry
36:43 Fletching
37:17 Ballistics
36:44 Heavy Demolition Ship
38:43 Conscription
37:47 Elite Cannon Galleon
47:12 Careening
47:13 Clinker Construction
51:16 Bodkin Arrow
51:44 Carvel Hull
51:55 Dry Dock
agamemnon_of_mycenae
6:55 Loom
11:03 Feudal Age
12:00 Double-Bit Axe
12:09 Gold Mining
13:23 Wheelbarrow
13:02 Fishing Lines
19:11 Horse Collar
23:27 Castle Age
24:03 Gillnets
24:16 Fletching
24:29 Heavy Plow
24:39 Bow Saw
24:47 Hand Cart
25:07 Medium Warships
25:35 Stone Mining
26:21 Gold Shaft Mining
29:01 Clinker Construction
29:03 Careening
29:03 Siphons
33:22 Greek Fire
33:46 Bodkin Arrow
38:10 Imperial Age
38:29 Ballistics
39:27 Conscription
39:48 Hoardings
41:21 Chemistry
40:47 Dry Dock
40:48 Carvel Hull
40:51 Shipwright
46:32 Stone Shaft Mining
47:39 Pikeman
48:20 Squires
48:05 Arson
50:17 Heavy Warships
50:26 Halberdier
50:34 Elite Skirmisher
51:21 Thumb Ring
53:00 Bracer
54:24 Forging
54:14 Scale Mail Armor
Connection lost

Rejoining the realm…

Still unreachable

The connection could not be restored.

Session expired

The server has moved on; the page needs a fresh start.